 Dungeon Crawl Stone Soup version 0.30-a0-1043-g60ff8d5f49 (webtiles) character file.

Game seed: 10207103453290409900

12974 ytrimaz the Transmogrifier (level 11, -3/110 HPs)
             Began as a Demigod Transmuter on Apr 10, 2023.
             Killed from afar by a molten gargoyle (14 damage)
             ... with a bolt of magma
             ... on level 10 of the Dungeon.
             The game lasted 00:17:37 (13180 turns).

ytrimaz the Transmogrifier (Demigod Transmuter)    Turns: 13180, Time: 00:17:37

Health: -3/110     AC: 10    Str: 11    XL:     11   Next: 42%
Magic:  22/24      EV: 11    Int: 27    God:
Gold:   592        SH:  5    Dex: 14    Spells: 12/22 levels left

rFire   + + .      SeeInvis .      - Unarmed
rCold   + + +      Faith    .    (shield currently unavailable)
rNeg    . . .      Spirit   .    y - melded +0 steam dragon scales
rPois   +          Reflect  +    a - melded +2 hat {Will+}
rElec   +          Rampage  .    H - melded +0 cloak
rCorr   +                        (gloves currently unavailable)
Will    +....                    (boots currently unavailable)
Stlth   +                        z - amulet of reflection
HPRegen 0.38/turn                r - ring of protection from fire
MPRegen 0.19/turn                g - ring of fire

@: ice-form, resistant
A: freezing attack, amphibious, boosted hp, large, high MP 1, forlorn, divine
attributes
a: End Transformation


You were on level 10 of the Dungeon.
You were a creature of crystalline ice.
You visited 2 branches of the dungeon, and saw 12 of its levels.

You collected 799 gold pieces.
You spent 207 gold pieces at shops.


Innate Abilities, Weirdness & Mutations

You are a creature of crystalline ice.
You have a powerful freezing melee attack.
You are amphibious.
Your maximum health is increased.
Your armour is entirely melded.
You are incapable of wielding weapons or throwing items.
You have an increased reservoir of magic. (+10% MP)
You shall have no god before yourself.
Your divine heritage dramatically boosts your attributes as you level up.


   Skills:
 + Level 7.2 Fighting
 + Level 4.2 Dodging
 - Level 10.0 Unarmed Combat
 - Level 6.0 Spellcasting
 - Level 10.0 Transmutations
 - Level 3.0 Ice Magic
 - Level 1.0 Poison Magic


You had 12 spell levels left.
You knew the following spells:

 Your Spells              Type           Power      Damage    Failure   Level
a - Beastly Appendage     Tmut           100%       N/A       1%          1
b - Wereblood             Tmut           58%        N/A       1%          2
c - Spider Form           Tmut/Pois      37%        N/A       1%          3
d - Ice Form              Ice/Tmut       43%        N/A       4%          4

Your spell library contained the following spells:

 Spells                   Type           Power      Damage    Failure   Level
 Poisonous Vapours        Pois/Air       20%        N/A       8%          2
 Blink                    Tloc           16%        N/A       10%         2
 Lesser Beckoning         Tloc           16%        N/A       10%         2
 Momentum Strike          Conj/Tloc      16%        3d8       10%         2
 Static Discharge         Conj/Air       16%        2-3/arc   10%         2
 Mephitic Cloud           Conj/Pois/Air  9%         N/A       17%         3
 Airstrike                Air            4%         2d(1-17)  54%         4
 Animate Dead             Necr           8%         N/A       54%         4
 Summon Lightning Spire   Summ/Air       8%         N/A       54%         4
 Freezing Cloud           Conj/Ice/Air   6%         6-21      75%         5
 Borgnjor's Vile Clutch   Necr/Erth      4%         N/A       87%         5
 Death Channel            Necr           4%         N/A       100%        6

Inventory:

Missiles
 h - 2 throwing nets
Armour
 a - a +2 hat of willpower (melded)
   (You took it off Gastronok on level 8 of the Dungeon)
 n - a +1 helmet
   (You found it on level 3 of the Dungeon)
 y - +0 steam dragon scales (melded)
   (You found it on level 7 of the Dungeon)
 H - a +0 cloak (melded)
   (You found it on level 9 of the Dungeon)
 K - a +1 robe of cold resistance
   (You took it off Fannar on level 10 of the Dungeon)
Jewellery
 g - a ring of fire (right front paw)
   (You found it on level 1 of the Dungeon)
 i - a ring of poison resistance
   (You found it on level 3 of the Dungeon)
 l - a ring of flight
   (You took it off a hobgoblin on level 2 of the Dungeon)
 p - a +5 ring of evasion
   (You took it off an orc on level 5 of the Dungeon)
 q - an amulet of guardian spirit
   (You found it on level 5 of the Dungeon)
 r - a ring of protection from fire (left front paw)
   (You found it on level 5 of the Dungeon)
 z - an amulet of reflection (around neck)
   (You found it on level 7 of the Dungeon)
 F - a ring of see invisible
   (You found it on level 9 of the Dungeon)
 J - a ring of ice
   (You took it off Fannar on level 10 of the Dungeon)
Wands
 m - a wand of iceblast (10)
   (You found it on level 5 of the Dungeon)
 u - a wand of polymorph (14)
   (You found it on level 7 of the Dungeon)
 B - a wand of paralysis (9)
   (You found it on level 9 of the Dungeon)
 C - a wand of acid (8)
   (You found it on level 8 of the Dungeon)
 E - a wand of flame (12)
   (You found it on level 9 of the Dungeon)
Scrolls
 c - a scroll of magic mapping
 f - 5 scrolls of teleportation
 s - 2 scrolls of enchant armour
 t - a scroll of poison
 w - a scroll of enchant weapon
 x - 2 scrolls of summoning
 D - a scroll of blinking
 G - 2 scrolls of fear
 L - a scroll of identify
Potions
 d - 2 potions of curing
 e - 4 potions of brilliance
 j - a potion of ambrosia
 k - 2 potions of haste
 o - a potion of invisibility
 v - a potion of mutation
 A - a potion of cancellation {unknown}

Dungeon Overview and Level Annotations

Branches:
Dungeon (10/15) Zot: 25626  Temple (0/1) D:6            Lair (0/5) D:10
    Orc (2/2) D:9 Zot: 11628
    Elf: Orc:2

Shops:
D:5 [

Annotations:
D:7 1 runed translucent door, Crazy Yiuf
Orc:2 Erolcha

....###.≈≈≈889≈.
...## .≈≈88≈≈≈
## ...#
≈§≈≈≈§.#.#
...###
≈≈≈≈≈≈..##
.....#
.≈.....#.#
.>...#
#.#.#.#.##
)....# #.#.#.#.#
)..<.# #####.#
###### #.Y9# ##
###)### .# #...#
.## #.### ..#
#.# #.# #.#
..#### #.#
.....########.#
..............#


You could see a molten gargoyle.


Message History

The bolt of magma hits you!! You partially resist. 😮 HP[-19]
You take 19 damage, and now have 49/92 hp.
MASSIVE DAMAGE!! (PAUSE) 😮 HP[+1] 😮 HP[+1]
You remove your +5 ring of evasion.
You feel more attuned to fire.
g - a ring of fire (right hand) Unknown command.
Casting: Ice Form (dangerous; 4% risk of failure)
Confirm with . or Enter, or press ? or * to list all spells.
You turn into a creature of crystalline ice.
Your +0 cloak melds into your body.
Your +2 hat of willpower melds into your body.
Your +0 steam dragon scales melds into your body.
You feel less strong-willed.
The molten gargoyle hits you with a +0 dire flail!
* * * LOW HITPOINT WARNING * * *
You are engulfed in flames.
You resist.
* * * LOW HITPOINT WARNING * * *
😨 HP[-10] MP[-4]
You now have 110 max hp (+18).
You lost 4 mp, and now have 20/24 mp.
Unknown command.
Casting: Ice Form (dangerous; 4% risk of failure)
Confirm with . or Enter, or press ? or * to list all spells.
You don't know that spell.
You hit the molten gargoyle. You freeze the molten gargoyle.
The molten gargoyle blasts magma at you!
The bolt of magma hits you. You partially resist.
* * * LOW HITPOINT WARNING * * *
😨 HP[-5]
You take 5 damage, and now have 36/110 hp.
Unknown command.
You punch the molten gargoyle! You freeze the molten gargoyle.
Unknown command.
Unknown command.
You feel protected.
The molten gargoyle hits you with a +0 dire flail.
* * * LOW HITPOINT WARNING * * *
You are engulfed in flames.
You resist.
* * * LOW HITPOINT WARNING * * *
The molten gargoyle misses you. 😱 HP[-10]
You take 10 damage, and now have 26/110 hp.
Unknown command.
Unknown command.
You hit the molten gargoyle.
You freeze the molten gargoyle. 😱 HP[+1] Unknown command.
You punch the molten gargoyle! You freeze the molten gargoyle.
You destroy the molten gargoyle!
The molten gargoyle blasts magma at you!
The bolt of magma hits you! You partially resist.
* * * LOW HITPOINT WARNING * * *
Your Dodging skill increases to level 4! 😱 HP[-10] MP[+1]
You take 10 damage, and now have 17/110 hp.
Unknown command.
You feel much better.
The molten gargoyle hits you with a +0 mace!
* * * LOW HITPOINT WARNING * * *
You are engulfed in flames.
You resist.
* * * LOW HITPOINT WARNING * * *
😱 HP[+10]
You regained 10 hp, and now have 27/110 hp.
Unknown command.
You hit the molten gargoyle. You freeze the molten gargoyle.
The molten gargoyle barely misses you. 😨 HP[+1]
You punch the molten gargoyle! You freeze the molten gargoyle.
The molten gargoyle blasts magma at you!
The bolt of magma misses you.
Unknown command.
You hit the molten gargoyle but do no damage.
The molten gargoyle blasts magma at you!
The bolt of magma misses you.
You punch the molten gargoyle! You freeze the molten gargoyle.
You destroy the molten gargoyle! 😨 HP[+1]
The molten gargoyle blasts magma at you!
The bolt of magma hits you. You partially resist.
* * * LOW HITPOINT WARNING * * *
You see here a +0 mace. 😱 HP[-4] MP[+1]
You take 4 damage, and now have 25/110 hp.
Unknown command.
You punch the molten gargoyle! You freeze the molten gargoyle.
The molten gargoyle blasts magma at you!
The bolt of magma hits you! You partially resist.
* * * LOW HITPOINT WARNING * * *
😱 HP[-15]
You take 15 damage, and now have 10/110 hp.
You hit the molten gargoyle. You freeze the molten gargoyle.
The molten gargoyle blasts magma at you!
The bolt of magma misses you.
You hit the molten gargoyle but do no damage.
The molten gargoyle blasts magma at you!
The bolt of magma hits you! You partially resist.
You die...

Skill      XL: |  1  2  3  4  5  6  7  8  9 10 11 |
---------------+----------------------------------+-----
Transmutations | 2 3 4 5 6 8 10 | 10.0
Spellcasting   | 2 3 4 5 6 |  6.0
Poison Magic   | 1 |  1.0
Ice Magic      | 2 3 |  3.0
Unarmed Combat | 4 7 9 10 | 10.0
Fighting       | 5 7 |  7.2
Dodging        | 4 |  4.2

Action                     |  1- 3 |  4- 6 |  7- 9 | 10-12 || total
---------------------------+-------+-------+-------+-------++-------
  Melee: Unarmed           |   162 |   112 |   395 |   270 ||   939
         Kick              |    25 |     1 |       |       ||    26
         Headbutt          |    17 |       |       |       ||    17
         Punch             |     1 |       |       |       ||     1
   Cast: Beastly Appendage |    26 |     2 |       |       ||    28
         Spider Form       |     6 |     9 |    12 |     1 ||    28
         Wereblood         |     1 |     1 |    14 |     9 ||    25
         Ice Form          |       |     5 |    25 |    18 ||    48
    Use: Scroll            |     4 |     6 |     6 |     4 ||    20
         Potion            |     1 |     1 |    12 |     3 ||    17
   Stab: Sleeping          |     3 |     1 |       |       ||     4
 Armour: Robe              |    16 |     2 |       |       ||    18
         Skin              |     3 |    34 |    89 |    70 ||   196
         Steam dragon scal |       |       |     4 |     1 ||     5
  Dodge: Dodged            |   136 |    48 |   362 |   169 ||   715
  Block: Other             |       |       |    34 |    48 ||    82
         Reflection        |       |       |       |     1 ||     1

Levels and vault maps discovered:
D:1:      minmay_arrival_three_doors, layout_loops_cross, minmay_pentomino_z4
D:2:      layout_loops_ring
D:3:      layout_loops_corners, gammafunk_temple_overflow_statue, serial_glass,
          glass_columns_b, glass_columns_c, kennysheep_generic_room_10
D:4:      layout_basic, feat_on_display
D:5:      layout_cave_pods, serial_shops, kennysheep_little_box, uniq_eustachio,
          uniq_sigmund
D:6:      layout_rooms, minmay_temple_entry_butterflies
D:7:      layout_cave_pods, dreamdust_mushroom_princess, uniq_crazy_yiuf_cottage
D:8:      layout_rooms, enter_bailey_6, uniq_gastronok, uniq_grum,
          uniq_prince_ribbit1
D:9:      layout_rooms, grunt_qazlal_clouds, david_orc_3,
          kennysheep_generic_room_11, uniq_maurice
D:10:     minmay_the_grid_plus [minmay_the_grid_pillar_ring,
          minmay_the_grid_minigrid_medium, minmay_the_grid_aliased_spiral,
          minmay_the_grid_outer_circle, minmay_the_grid_prize_trominoes],
          layout_rooms, nicolae_trove_entry_crystal, chequers_jeans,
          minivault_8, uniq_fannar
Orc:1:    layout_caves, serial_shops, nicolae_shop_hallway_plus
Orc:2:    grunt_orc_community_town_hall, layout_caves,
          grunt_orc_community_big_house_2, grunt_orc_community_big_house_1,
          grunt_orc_community_house_2, grunt_orc_community_house_1,
          grunt_orc_community_house_3, grunt_orc_community_house_1,
          grunt_orc_community_house_1, grunt_orc_community_house_2, uniq_erolcha

Notes
Turn   | Place    | Note
-------+----------+-------------------------------------------
     0 | D:1      | ytrimaz the Demigod Transmuter began the quest for the Orb.
     0 | D:1      | Reached XP level 1. HP: 15/15 MP: 5/5
     0 | D:1      | magus.rc [v1.9.6]
    29 | D:1      | Reached skill level 2 in Transmutations
    31 | D:1      | Reached skill level 2 in Spellcasting
   184 | D:1      | Reached XP level 2. HP: 22/22 MP: 4/7
   266 | D:1      | HP: 5/22 [quokka (3)]
   269 | D:1      | HP: 2/22 [quokka (3)]
   560 | D:1      | Learned a level 2 spell: Wereblood
  1006 | D:2      | Reached XP level 3. HP: 8/27 MP: 6/9
  1007 | D:2      | HP: 6/27 [poisoned by an adder]
  1033 | D:2      | Learned a level 3 spell: Spider Form
  1771 | D:2      | Reached skill level 3 in Transmutations
  2077 | D:3      | You pick up a book of Spatial Translocations and begin
                  | reading...
  2077 | D:3      | You add the spells Blink, Momentum Strike and Lesser
                  | Beckoning to your library.
  2891 | D:3      | Reached XP level 4. HP: 28/33 MP: 7/11
  2926 | D:3      | You pick up a book of Storms and begin reading...
  2926 | D:3      | You add the spells Static Discharge, Airstrike and Summon
                  | Lightning Spire to your library.
  3302 | D:4      | Noticed an ogre
  3310 | D:4      | Killed an ogre
  3311 | D:4      | Reached skill level 3 in Spellcasting
  3311 | D:4      | Reached skill level 1 in Poison Magic
  3311 | D:4      | Reached XP level 5. HP: 37/39 MP: 9/13
  3381 | D:4      | HP: 5/58 [orc priest/divine providence (11)]
  3542 | D:4      | You pick up a book of Vapours and begin reading...
  3542 | D:4      | You add the spells Poisonous Vapours, Mephitic Cloud and
                  | Freezing Cloud to your library.
  3578 | D:4      | Learned a level 4 spell: Ice Form
  3598 | D:4      | Reached skill level 4 in Transmutations
  4135 | D:5      | Entered Level 5 of the Dungeon
  4159 | D:5      | Reached skill level 4 in Spellcasting
  4234 | D:5      | Reached XP level 6. HP: 41/46 MP: 11/15
  4381 | D:5      | Noticed Eustachio
  4396 | D:4      | Killed Eustachio
  4660 | D:5      | Reached skill level 5 in Transmutations
  4769 | D:5      | Reached skill level 5 in Spellcasting
  4769 | D:5      | Reached XP level 7. HP: 51/51 MP: 13/17
  5485 | D:5      | Found Oplaraf's Antique Armour Shoppe.
  5490 | D:5      | Bought a pitted scale mail for 207 gold pieces
  5490 | D:5      | Identified the +2 scale mail of Broken Taboos {Str+2} (You
                  | bought it in a shop on level 5 of the Dungeon)
  5683 | D:5      | Noticed Sigmund
  5701 | D:5      | Killed Sigmund
  5702 | D:5      | Reached skill level 6 in Transmutations
  6051 | D:6      | Reached skill level 1 in Ice Magic
  6204 | D:6      | Reached skill level 2 in Ice Magic
  6204 | D:6      | Reached XP level 8. HP: 58/58 MP: 16/20
  6246 | D:6      | Reached skill level 6 in Spellcasting
  6288 | D:6      | Reached skill level 3 in Ice Magic
  6374 | D:6      | Reached skill level 7 in Transmutations
  6470 | D:6      | Found a staircase to the Ecumenical Temple.
  7003 | D:7      | Reached skill level 3 in Unarmed Combat
  7031 | D:7      | Reached skill level 8 in Transmutations
  7337 | D:7      | Reached skill level 4 in Unarmed Combat
  7343 | D:7      | Reached XP level 9. HP: 62/62 MP: 16/21
  7478 | D:7      | HP: 17/75 [killer bee (5)]
  7484 | D:7      | HP: 10/75 [killer bee (4)]
  7489 | D:7      | HP: 8/75 [poisoned by a killer bee]
  7785 | D:7      | Reached skill level 5 in Unarmed Combat
  8235 | D:7      | Reached skill level 9 in Transmutations
  8374 | D:7      | Found a runed translucent door.
  8375 | D:7      | Noticed Crazy Yiuf
  8550 | D:8      | Noticed Grum
  8599 | D:8      | Noticed Prince Ribbit
  8932 | D:7      | Killed Prince Ribbit
  8933 | D:7      | Reached skill level 6 in Unarmed Combat
  9030 | D:8      | Noticed Gastronok
  9276 | D:8      | HP: 7/75 [Grum/-1 spear (20)]
  9600 | D:8      | HP: 15/75 [Gastronok (28)]
  9627 | D:8      | Killed Gastronok
  9628 | D:8      | Reached skill level 7 in Unarmed Combat
  9628 | D:8      | Reached skill level 10 in Transmutations
  9628 | D:8      | Reached XP level 10. HP: 42/70 MP: 22/22
  9828 | D:8      | Killed Grum
  9838 | D:8      | Reached skill level 8 in Unarmed Combat
 10245 | D:9      | Found a staircase to the Orcish Mines.
 10258 | D:9      | Reached skill level 1 in Fighting
 10272 | D:9      | Reached skill level 2 in Fighting
 10282 | D:9      | Reached skill level 3 in Fighting
 10464 | D:9      | Reached skill level 4 in Fighting
 10464 | D:9      | Reached skill level 9 in Unarmed Combat
 10787 | D:9      | Noticed Maurice
 11058 | D:9      | Killed Maurice
 11399 | D:10     | Entered Level 10 of the Dungeon
 11868 | D:10     | Noticed Fannar
 11899 | D:10     | Reached skill level 5 in Fighting
 11911 | D:10     | Killed Fannar
 12092 | D:10     | Found a staircase to the Lair.
 12110 | D:10     | Noticed a cyclops
 12111 | D:10     | Noticed a cyclops
 12113 | D:10     | Noticed a centaur warrior
 12115 | D:10     | Noticed a brown ugly thing
 12116 | D:10     | Killed a cyclops
 12117 | D:10     | Reached XP level 11. HP: 88/88 MP: 18/24
 12139 | D:10     | Killed a centaur warrior
 12140 | D:10     | Reached skill level 10 in Unarmed Combat
 12256 | D:10     | Reached skill level 6 in Fighting
 12403 | Orc:1    | Entered Level 1 of the Orcish Mines
 12480 | Orc:1    | Reached skill level 2 in Dodging
 12765 | Orc:2    | Entered Level 2 of the Orcish Mines
 12765 | Orc:2    | Noticed Erolcha
 12816 | D:10     | Reached skill level 3 in Dodging
 13060 | D:10     | Reached skill level 7 in Fighting
 13063 | D:10     | You pick up a book of Unlife and begin reading...
 13063 | D:10     | You add the spells Animate Dead, Borgnjor's Vile Clutch and
                  | Death Channel to your library.
 13169 | D:10     | HP: 26/110 [molten gargoyle/+0 dire flail (4)]
 13172 | D:10     | Reached skill level 4 in Dodging
 13177 | D:10     | HP: 25/110 [molten gargoyle/bolt of magma (4)]
 13178 | D:10     | HP: 10/110 [molten gargoyle/bolt of magma (15)]
 13180 | D:10     | Killed from afar by a molten gargoyle

Vanquished Creatures
  Gastronok (D:8)
  Fannar (D:10)
  A centaur warrior (D:10)
  A cyclops (D:10)
  Maurice (D:9)
  3 molten gargoyles (D:10)
  Prince Ribbit (D:7)
  4 trolls
  A slime creature (D:10)
  Sigmund (D:5)
  A shadow (D:10)
  2 wraiths
  A vampire (D:10)
  14 yaks (D:9)
  Grum (D:8)
  Eustachio (D:4)
  2 steam dragons
  A water moccasin (D:7)
  An acid dragon (D:8)
  7 orc warriors
  A sky beast (D:8)
  An ice beast (D:6)
  2 wolves
  4 ogres
  3 centaurs (D:10)
  2 phantoms (D:5)
  3 kobold brigands
  2 bullfrogs
  A gnoll sergeant (D:6)
  2 scorpions (D:6)
  14 wights (D:7)
  4 killer bees (D:7)
  2 howler monkeys
  5 hounds
  11 orc priests
  5 iguanas
  2 sleepcaps
  10 orc wizards
  8 adders
  4 gnolls (D:6)
  A shadow imp (D:7)
  3 white imps
  2 ufetubi
  2 worms
  A dart slug (D:1)
  33 orcs
  7 bats
  3 endoplasms
  A giant cockroach (D:1)
  5 hobgoblins
  12 jackals
  22 kobolds
  7 quokkas
  5 ball pythons
  4 frilled lizards
  6 goblins
  4 rats
250 creatures vanquished.

Vanquished Creatures (others)
  An orc priest (D:8)
  4 fungi (D:7)
5 creatures vanquished.

Grand Total: 255 creatures vanquished

Table legend:
 A = Non-vault XP
 B = Vault XP
 C = Vault XP percentage of total XP
 D = Non-vault monster count
 E = Vault monster count
 F = Vault count percentage of total count
                 A         B        C        D         E       F
            +---------+---------+-------+---------+---------+-------
      Total |   10446 |    8089 |  43.6 |     219 |      31 |  12.4
            +---------+---------+-------+---------+---------+-------
        D:1 |      28 |      10 |  26.3 |      19 |       4 |  17.4
        D:2 |      48 |       0 |   0.0 |      14 |       0 |   0.0
        D:3 |      30 |       4 |  11.8 |      18 |       2 |  10.0
        D:4 |     271 |     182 |  40.2 |      13 |       1 |   7.1
        D:5 |     607 |     239 |  28.3 |      28 |       1 |   3.4
        D:6 |    1063 |       0 |   0.0 |      34 |       0 |   0.0
        D:7 |    2063 |     415 |  16.7 |      37 |       2 |   5.1
        D:8 |     871 |    1784 |  67.2 |      17 |       3 |  15.0
        D:9 |    3492 |     764 |  18.0 |      18 |       6 |  25.0
       D:10 |     850 |    4691 |  84.7 |       7 |      12 |  63.2
      Orc:1 |    1123 |       0 |   0.0 |      14 |       0 |   0.0
            +---------+---------+-------+---------+---------+-------

Illustrated notes

Table legend:
 A = Kills in this place as a percentage of kills in the entire game.
 B = Kills by you in this place as a percentage of kills by you in the entire game.
 C = Kills by friends in this place as a percentage of kills by friends in the entire game.
 D = Other kills in this place as a percentage of other kills in the entire game.
 E = Experience gained in this place as a percentage of experience gained in the entire game.
 F = Experience gained in this place divided by the number of levels of this place that you have seen.
                   A       B       C       D       E      F
               +-------+-------+-------+-------+-------+----------------------
         Total | 100.0 | 100.0 |   N/A |   N/A | 100.0 | 1544.6
       Dungeon |  94.4 |  94.4 |   N/A |   N/A |  93.9 | 1741.2
  Orcish Mines |   5.6 |   5.6 |   N/A |   N/A |   6.1 | 561.5
               +-------+-------+-------+-------+-------+----------------------

Table legend: (Time is in decaauts)
 A = Elapsed time spent in this place.
 B = Non-inter-level travel time spent in this place.
 C = Inter-level travel time spent in this place.
 D = Time resting spent in this place.
 E = Time spent auto-exploring this place.
 F = Levels seen in this place.
 G = Mean time per level.
                   A        B        C        D        E       F      G
               +--------+--------+--------+--------+--------+-----+--------+
         Total |  13090 |  12455 |    635 |   1726 |   8398 |  12 | 1090.8 |
       Dungeon |  12719 |  12112 |    607 |   1726 |   8148 |  10 | 1271.9 |
  Orcish Mines |    371 |    343 |     28 |      0 |    250 |   2 |  185.5 |
               +--------+--------+--------+--------+--------+-----+--------+

Top non-repeatable levels by time:
     D:7: 2381 daAuts
     D:5: 1508 daAuts
     D:9: 1387 daAuts
     D:3: 1272 daAuts
    D:10: 1138 daAuts
     D:4: 1104 daAuts
     D:2: 1068 daAuts
     D:8: 973 daAuts
     D:6: 944 daAuts
     D:1: 940 daAuts
   Orc:1: 369 daAuts
   Orc:2: 1 daAuts
